 Dungeon Crawl Stone Soup version 0.25.1-9-gc5326a611f (webtiles) character file.

Game seed: 1452933383961106234

681 Goreval the Sneak (level 7, 0/41 HPs)
             Began as an Octopode Wizard on Jan 1, 2021.
             Succumbed to a water moccasin's poison
             ... on level 5 of the Dungeon.
             The game lasted 00:12:54 (6987 turns).

Goreval the Sneak (Octopode Wizard)                 Turns: 6987, Time: 00:12:55

Health: 0/41       AC:  2    Str:  6 (7)  XL:     7   Next: 61%
Magic:  9/13       EV: 14    Int: 20 (22) God:
Gold:   254        SH:  0    Dex:  7 (10) Spells: 3/14 levels left

rFire    . . .     SeeInvis .   b - +1 dagger (venom)
rCold    . . .     Gourm    .   (no shield)
rNeg     . . .     Faith    .   a - +1 hat
rPois    .         Spirit   .   l - amulet of magic regeneration
rElec    .         Reflect  .   (no ring)
rCorr    .         Harm     .   (no ring)
MR       .....                  (no ring)
Stlth    ++++......             (no ring)
HPRegen  0.13/turn              (no ring)
MPRegen  0.38/turn              (no ring)
                                (no ring)
                                (no ring)

@: lethally poisoned (0 -> -11), stab, very slightly contaminated, hasted, very
quick
A: almost no armour, stealthy swim, amphibious, 8 rings, constrict 8, camouflage
1, gelatinous body 1
a: no special abilities


You were on level 5 of the Dungeon.
You were hungry.

You visited 1 branch of the dungeon, and saw 5 of its levels.

You collected 254 gold pieces.

Inventory:

Hand Weapons
 b - a +1 dagger of venom (weapon)
Armour
 a - a +1 hat (worn)
Jewellery
 l - an amulet of magic regeneration (around mantle)
Wands
 j - a wand of flame (14)
Scrolls
 e - 4 scrolls of blinking
 g - a scroll of enchant armour
 n - 2 scrolls of amnesia
 q - a scroll of teleportation
Comestibles
 c - 6 rations
 f - 3 chunks of flesh


   Skills:
 + Level 0.0 Fighting
 - Level 4.0 Dodging
 + Level 5.7 Stealth
 + Level 4.4 Spellcasting
 * Level 3.1 Conjurations
 - Level 4.0 Summonings
 - Level 1.0 Translocations


You had 3 spell levels left.
You knew the following spells:

 Your Spells              Type           Power        Failure   Level  Hunger
a - Magic Dart            Conj           ###.         3%          1    None
b - Mephitic Cloud        Conj/Pois/Air  #.......     24%         3    ###....
c - Conjure Flame         Conj/Fire      ##......     19%         3    ###....
n - Blink                 Tloc           N/A          12%         2    #......
z - Call Imp              Summ           ###.....     3%          2    #......

Your spell library contained the following spells:

 Spells                   Type           Power        Failure   Level  Hunger
 Summon Small Mammal      Summ           ###.         2%          1    None
 Searing Ray              Conj           ###...       4%          2    #......
 Apportation              Tloc           #.....       9%          1    None
 Animate Skeleton         Necr           N/A          12%         1    None
 Corona                   Hex            #......      12%         1    None
 Slow                     Hex            #.......     19%         2    #......
 Dazzling Flash           Conj/Hex       ##....       19%         3    ###....
 Iskenderun's Mystic Bla  Conj/Tloc      ##......     45%         4    ####...
 Fulminant Prism          Conj/Hex       ##........   54%         4    ####...


Dungeon Overview and Level Annotations

Branches:
Dungeon (5/15)
 Temple: D:4-7

Altars:
Cheibriados
Elyvilon
Fedhas
Sif Muna
Vehumet
Wu Jian
Xom
Zin

Shops:
D:5 (

Annotations:
D:3 3 runed translucent doors, Grinder; OneTabMan's ghost, amateur OgBe
D:4 Sigmund


Innate Abilities, Weirdness & Mutations

You cannot wear most types of armour.
You are very stealthy in the water. (Stealth+)
You are amphibious.
You can wear up to eight rings at the same time.
You can use your tentacles to constrict eight enemies at once.
Your skin changes colour to match your surroundings (Stealth+).
Your rubbery body absorbs attacks. (AC +1, EV +1)


Message History

* * * LOW HITPOINT WARNING * * *
You miscast Call Imp.
You are very lightly contaminated with residual magic.
Nothing appears to happen.
The water moccasin bites you!
* * * LOW HITPOINT WARNING * * *
You are lethally poisoned!
The water moccasin poisons you!
Your crimson imp barely misses the water moccasin.
* * * LOW HITPOINT WARNING * * *
You feel sick.
The water moccasin bites you but does no damage.
Your crimson imp blinks!
There is a stone staircase leading down here.
Sorry, you're not good enough to have a special ability.
Unknown command.
Okay, then.
Sorry, you're not good enough to have a special ability.
Unknown command.
It was a potion of haste.
You feel yourself speed up.
You die...

##..#### #)..#..## #.#
...... ##...### ###...##
#.# .. ...#...## #..## #.#
.
.#####..########..######.#
.)...>....................
#######.#####.....########.
#.......#.5.#........
##......#.So.<#
#...5..#.@5.##
#.[....#...## #......#...#
########...# #####


You could see a water moccasin, an orc and 2 friendly crimson imps.

Vanquished Creatures
  An ogre (D:4)
  A scorpion (D:5)
  A crimson imp (D:4)
  A hound (D:4)
  A bullfrog skeleton (D:3)
  An orc priest (D:5)
  2 orc wizards
  Natasha (thrice) (D:2)
  A worker ant (D:5)
  2 gnolls (D:4)
  A howler monkey skeleton (D:5)
  4 adders
  3 oozes
  A worm (D:2)
  8 dart slugs (D:3)
  3 leopard geckos
  9 orcs
  2 giant cockroaches
  7 goblins
  3 hobgoblins
  4 jackals (D:3)
  7 kobolds
  A quokka (D:2)
  3 ball pythons
  4 bats
  9 frilled lizards
  A jackal skeleton (D:4)
  2 rats
86 creatures vanquished.

Vanquished Creatures (collateral kills)
  An ogre (D:3)
  Jessica (D:2)
  An orc wizard (D:4)
  2 worker ants (D:4)
  2 gnolls
  A hobgoblin (D:3)
  A kobold (D:3)
  A quokka (D:4)
10 creatures vanquished.

Grand Total: 96 creatures vanquished

Notes
Turn   | Place    | Note
-------+----------+-------------------------------------------
     0 | D:1      | Goreval the Octopode Wizard began the quest for the Orb.
     0 | D:1      | Reached XP level 1. HP: 11/11 MP: 4/4
   720 | D:1      | Reached XP level 2. HP: 17/17 MP: 1/6
   724 | D:1      | Learned a level 2 spell: Blink
   727 | D:1      | Learned a level 2 spell: Call Imp
   788 | D:1      | You fall into a shaft and drop 1 floor!
   827 | D:2      | Reached skill level 3 in Stealth
   943 | D:2      | Noticed Natasha
  1141 | D:1      | You fall into a shaft and drop 1 floor!
  1402 | D:2      | Killed Natasha
  1402 | D:2      | Reached XP level 3. HP: 16/21 MP: 0/7
  1412 | D:1      | Learned a level 2 spell: Slow
  1518 | D:2      | Noticed Natasha
  1579 | D:2      | Killed Natasha
  1579 | D:2      | Reached XP level 4. HP: 15/27 MP: 0/9
  2433 | D:2      | Noticed Natasha
  2441 | D:2      | Killed Natasha
  2541 | D:2      | Reached XP level 5. HP: 31/31 MP: 2/10
  2560 | D:2      | Learned a level 3 spell: Mephitic Cloud
  2627 | D:3      | Noticed Jessica
  2639 | D:2      | Killed Jessica
  2639 | D:2      | Reached skill level 4 in Stealth
  3251 | D:3      | Found a snail-covered altar of Cheibriados.
  3347 | D:3      | Noticed an ogre
  3363 | D:3      | Killed an ogre
  3363 | D:3      | Reached XP level 6. HP: 31/36 MP: 3/11
  3983 | D:3      | Found an ornate altar of the Wu Jian Council.
  4037 | D:3      | Noticed Grinder
  4078 | D:3      | Found a runed translucent gate.
  4078 | D:3      | Found a runed translucent gate.
  4078 | D:3      | Found a runed translucent gate.
  4079 | D:3      | Noticed OneTabMan's ghost (amateur OgBe)
  4158 | D:3      | Found a blossoming altar of Fedhas.
  4159 | D:3      | Found a shimmering blue altar of Sif Muna.
  4697 | D:4      | Noticed an angel
  4698 | D:4      | Found a shimmering altar of Xom.
  4699 | D:4      | Found a glowing silver altar of Zin.
  4718 | D:4      | You fall into a shaft and drop 1 floor!
  4718 | D:5      | Entered Level 5 of the Dungeon
  4771 | D:4      | Found a white marble altar of Elyvilon.
  4846 | D:4      | Noticed Sigmund
  5476 | D:4      | Reached skill level 5 in Stealth
  5481 | D:4      | Learned a level 3 spell: Conjure Flame
  5573 | D:5      | Found Jygiel's Antique Weapon Shop.
  5671 | D:4      | Found a radiant altar of Vehumet.
  6024 | D:4      | Reached XP level 7. HP: 41/41 MP: 5/13
  6986 | D:5      | HP: 1/41 [poisoned by a water moccasin]
  6987 | D:5      | Succumbed to a water moccasin's poison

Illustrated notes

Levels and vault maps discovered:
D:1:      grunt_arrival_lava_bath, layout_loops_ring
D:2:      layout_basic, uniq_natasha
D:3:      kennysheep_slugbush, layout_rooms, lemuel_doored_altar,
          grunt_temple_overflow_open, gammafunk_ghost_split,
          cheibriados_altar_1, uniq_jessica, uniq_grinder
D:4:      layout_loops_corners, grunt_temple_overflow_order_and_chaos_1,
          kennysheep_little_box, overflow_temple_1_default, uniq_sigmund
D:5:      layout_rooms, serial_shops, nicolae_shop_overgrown_old_shop,
          first_ration

Skill      XL: |  1  2  3  4  5  6  7 |
---------------+----------------------+-----
Stealth        | 3 4 5 |  5.7
Conjurations   | 2 3 |  3.1
Dodging        | 3 4 |  4.0
Summonings     | 2 3 4 |  4.0
Spellcasting   | 4 |  4.4
Translocations | |  1.0

Action                   |  1- 3 |  4- 6 |  7- 9 || total
-------------------------+-------+-------+-------++-------
Melee: Unarmed           |    12 |     8 |       ||    20
       Constrict         |     4 |     6 |     3 ||    13
       Tentacles         |     2 |     3 |     1 ||     6
       Dagger            |       |    18 |    23 ||    41
 Cast: Magic Dart        |    50 |   184 |    33 ||   267
       Call Imp          |       |    36 |    11 ||    47
  Use: Scroll            |       |    10 |       ||    10
       Potion            |       |     2 |     5 ||     7
 Stab: Sleeping          |     1 |       |     2 ||     3
       Distracted        |       |     2 |       ||     2
  Eat: Chunk             |     2 |    10 |     3 ||    15
       Ration            |       |     1 |       ||     1
Armor: Skin              |     1 |     5 |     3 ||     9
Dodge: Dodged            |    12 |    51 |    19 ||    82
